 Dungeon Crawl Stone Soup version 0.17-a0-1583-g2df49ec (webtiles) character file.

370 Ghalim the Cudgeler (level 6, -2/40 HPs)
             Began as a Gargoyle Fighter on July 28, 2015.
             Killed by divine providence
             ... invoked by an orc priest
              (12 damage)
             ... on level 4 of the Dungeon.
             The game lasted 00:09:18 (3212 turns).

Ghalim the Cudgeler (Gargoyle Fighter)              Turns: 3212, Time: 00:09:18

Health: -2/40      AC: 12    Str: 22    XL:     6   Next: 70%
Magic:  6/6        EV:  2    Int:  8    God:
Gold:   125        SH:  9    Dex:  9    Spells: 0 memorised, 5 levels left

rFire  . . .     SeeInvis +     A - +1 flail (holy)
rCold  . . .     Clarity  .     b - +0 scale mail
rNeg   + . .     SustAt   .     c - +0 shield
rPois  ∞         Gourm    .     (no helmet)
rElec  +         Spirit   .     (no cloak)
rCorr  .         Warding  .     (no gloves)
rMut   .         Stasis   .     x - +0 pair of boots
MR     +....                    (no amulet)
Stlth  ..........               y - ring of protection from magic
                                i - ring of see invisible

@: somewhat resistant to hostile enchantments, extremely unstealthy
A: negative energy resistance 1, electricity resistance, unbreathing,
petrification resistance, rot immunity, AC +4
a: no special abilities


You were on level 4 of the Dungeon.
You were not hungry.

You visited 1 branch of the dungeon, and saw 4 of its levels.

You collected 125 gold pieces.

Inventory:

Hand weapons
 A - a +1 flail of holy wrath (weapon)
Armour
 a - a +1 ring mail of magic resistance
 b - a +0 scale mail (worn)
 c - a +0 shield (worn)
 x - a +0 pair of boots (worn)
Jewellery
 i - a ring of see invisible (left hand)
 y - a ring of protection from magic (right hand)
Magical devices
 v - a wand of frost (33)
Scrolls
 f - a scroll of recharging
 h - a scroll of teleportation
 j - 4 scrolls of remove curse
 l - a scroll of enchant armour {unknown}
 m - a scroll of noise {unknown}
 o - a scroll of magic mapping {unknown}
 r - a scroll of immolation
 u - a scroll of identify {unknown}
Potions
 d - a potion of might
 n - a potion of lignification {unknown}
 p - a potion of brilliance {unknown}
 q - 2 potions of agility {unknown}
 s - 2 potions of curing {unknown}
 w - a potion of poison {unknown}
Comestibles
 e - a bread ration
 g - 4 fruits
 t - a meat ration
 z - 4 chunks of flesh


   Skills:
 + Level 5.3 Fighting
 * Level 5.7 Maces & Flails
 - Level 3.2 Armour
 - Level 3.2 Shields


You had 5 spell levels left.
You didn't know any spells.

Dungeon Overview and Level Annotations

Branches:
Dungeon (4/15)
 Temple: D:4-7

Altars:
Gozag
Nemelex Xobeh
Xom
Beogh

Shops:
D:4 (


Innate Abilities, Weirdness & Mutations

You are resistant to torment.
Your stone body is resilient (AC +4).
You are immune to poison.
You resist negative energy.
You are resistant to electric shocks.
You can survive without breathing.
You are immune to petrification.
You are immune to rotting.


Message History

A worker ant comes into view.
The worker ant twitches its antennae in your direction.
Found a scroll labeled APSADWA QINAGG.
A rat comes into view.
The orc priest calls down the wrath of Beogh upon you.
Something smites you! You block the worker ant's attack.
The orc priest mumbles some strange prayers to Beogh against you.
Something smites you!
* * * LOW HITPOINT WARNING * * *
You block the worker ant's attack. The worker ant bites you.
* * * LOW HITPOINT WARNING * * *
An ooze comes into view.
The ooze quivers.
You block the worker ant's attack. The ooze closely misses you.
There is an escape hatch in the ceiling here.
The orc priest mumbles some strange prayers to Beogh against you.
Something smites you!
You die...

)........#.....##
.[.>..##.###.### )......#.#
#.# ....#....###.#####..
#..##.#..o#.........
.####.....o..#######
.###.......#..###
..............oJ##
..###..........a@#
.........#......##
...............##########
....#....####.....#.....##
...##....###.).......<...##
...##...###...............#
...##...# #...............#
#..##.### #....†..........#
##.##.#####....<..........#


You could see a worker ant, an orc priest, an ooze and 2 orcs.

Vanquished Creatures
  A phantom (D:4)
  2 orc wizards (D:3)
  3 orc priests (D:3)
  4 gnolls
  2 adders
  2 oozes
  A worm (D:3)
  2 giant geckos
  7 orcs
  3 giant cockroaches
  7 goblins
  11 hobgoblins
  3 ball pythons
  10 bats
  3 giant newts
  10 kobolds
  9 rats
80 creatures vanquished.

Notes
Turn   | Place    | Note
--------------------------------------------------------------
     0 | D:1      | Ghalim the Gargoyle Fighter began the quest for the Orb.
     0 | D:1      | Reached XP level 1. HP: 14/14 MP: 1/1
   199 | D:1      | Reached XP level 2. HP: 14/19 MP: 2/2
   857 | D:2      | Reached XP level 3. HP: 23/23 MP: 3/3
  1390 | D:2      | Found a shimmering altar of Xom.
  1398 | D:2      | Found an opulent altar of Gozag.
  1410 | D:2      | Found a sparkling altar of Nemelex Xobeh.
  1560 | D:3      | Reached XP level 4. HP: 27/29 MP: 4/4
  1601 | D:2      | Reached skill level 4 in Fighting
  2166 | D:3      | Reached XP level 5. HP: 29/34 MP: 5/5
  2596 | D:3      | Reached skill level 5 in Maces & Flails
  2596 | D:3      | Reached XP level 6. HP: 12/40 MP: 6/6
  2826 | D:3      | Found a roughly hewn altar of Beogh.
  2899 | D:3      | Reached skill level 5 in Fighting
  3068 | D:4      | Found Binauxibb's Antique Weapon Shop.
  3212 | D:4      | Killed from afar by an orc priest

Vault maps used:
D:1:      lemuel_arrival_room
D:2:      minitemple
D:3:      kennysheep_orc_chapel
D:4:      nicolae_overflow_hidden_temple, serial_shops,
          nicolae_shop_overgrown_old_shop

Action                   |  1- 3 |  4- 6 || total
-------------------------+-------+-------++-------
Melee: Flail             |   119 |   163 ||   282
  Use: Scroll            |       |     4 ||     4
  Eat: Chunk             |     2 |     6 ||     8
